 Dungeon Crawl Stone Soup version 0.22-a0-292-g0df9d5f (webtiles) character file.

4284 b5mith the Fighter (level 10, 0/91 HPs)
             Began as a Minotaur Berserker on Mar 23, 2018.
             Was an Elder of Trog.
             Slain by Gastronok (27 damage)
             ... on level 9 of the Dungeon.
             The game lasted 00:22:24 (9014 turns).

b5mith the Fighter (Minotaur Berserker)             Turns: 9014, Time: 00:22:24

Health: 0/91       AC:  9    Str: 25    XL:     10   Next: 10%
Magic:  9/9        EV: 15    Int:  4    God:    Trog [****..]
Gold:   615        SH:  0    Dex: 10    Spells: 9/9 levels left

rFire    . . .     SeeInvis .   a - +0 falchion
rCold    . . .     Gourm    .   (no shield)
rNeg     + . .     Faith    .   S - +0 ring mail {rN+}
rPois    .         Spirit   .   (helmet restricted)
rElec    .         Reflect  .   I - +0 cloak
rCorr    +         Harm     .   l - +0 pair of gloves
MR       +....                  (no boots)
Stlth    ..........             (no amulet)
HPRegen  0.25/turn              j - ring of resist corrosion
MPRegen  0.11/turn              F - ring of protection from magic

@: no status effects
A: retaliatory headbutt, horns 2
a: Berserk, Trog's Hand, Brothers in Arms, Renounce Religion


You were on level 9 of the Dungeon.
You worshipped Trog.
Trog was greatly pleased with you.
You were not hungry.

You visited 1 branch of the dungeon, and saw 9 of its levels.

You collected 615 gold pieces.

Inventory:

Hand Weapons
 a - a +0 falchion (weapon)
 b - the +7 longbow "Piercer" {penet, EV-2}
   (You found it on level 4 of the Dungeon)

   Ammo fired by it will pass through the targets it hits, potentially hitting
   all targets in its path until it reaches maximum range.
   It affects your evasion (-2).
Missiles
 f - 103 bolts
 k - 125 arrows
 y - 16 tomahawks (quivered)
 z - 187 stones
 C - 7 needles of sleeping
Armour
 l - a +0 pair of gloves (worn)
 v - a +0 shield
 x - a +0 scale mail
 B - a +0 animal skin
 I - a +0 cloak (worn)
 S - a +0 ring mail of positive energy (worn)
Jewellery
 i - an uncursed ring of ice
 j - a ring of resist corrosion (left hand)
 m - an uncursed ring of ice
 F - a ring of protection from magic (right hand)
 N - an uncursed ring of flight {unknown}
 Q - an uncursed ring of positive energy {unknown}
Wands
 h - a wand of iceblast (5)
 s - a wand of scattershot (5)
 O - a wand of disintegration (9)
Scrolls
 e - 2 scrolls of fear
 o - 7 scrolls of remove curse {@r2}
 p - 2 scrolls of magic mapping
 q - 5 scrolls of teleportation
 w - 2 scrolls of enchant armour
 A - 2 scrolls of random uselessness
 J - a scroll of amnesia {unknown}
 K - a scroll of noise {unknown}
 L - 2 scrolls of blinking {unknown}
 M - a scroll of identify {@r1}
Potions
 d - 2 potions of agility {unknown}
 g - 2 potions of flight {unknown}
 n - 2 potions of resistance
 r - 2 potions of ambrosia
 t - 3 potions of curing {unknown}
 u - a potion of cancellation {unknown}
 D - 2 potions of brilliance {unknown}
 E - 2 potions of magic {unknown}
 G - 2 potions of degeneration {unknown}
 H - 2 potions of invisibility
 R - a potion of heal wounds {unknown}
Comestibles
 c - 9 rations


   Skills:
 + Level 9.5 Fighting
 + Level 9.5 Long Blades
 + Level 9.1 Armour
 + Level 8.4 Dodging


You had 9 spell levels left.
You didn't know any spells.

Dungeon Overview and Level Annotations

Branches:
Dungeon (9/15)             Temple (0/1) D:6            Lair (0/6) D:8
    Orc: D:9-12

Altars:
Cheibriados
Fedhas
Sif Muna
Trog
Vehumet
Zin

Shops:
D:4 }

Annotations:
D:9 Gastronok


Innate Abilities, Weirdness & Mutations

You reflexively headbutt those who attack you in melee.
You have a pair of horns on your head.


Message History

You hit Gastronok but do no damage.
Gastronok is severely wounded.
Gastronok chants a spell, wobbling all the while.
Gastronok puts on a burst of speed!
You slash Gastronok!
You headbutt Gastronok, but do no damage.
Gastronok is severely wounded.
You hit Gastronok.
Gastronok is almost dead.
You slash Gastronok! You headbutt Gastronok!
Gastronok is almost dead.
Gastronok bites you!!
* * * LOW HITPOINT WARNING * * *
Unknown command.
You slash Gastronok!
Gastronok is almost dead.
You hit Gastronok.
Gastronok is almost dead.
Gastronok bites you!!
You die...

#################
((.(.............
................
................
.....(w......#
.......@.....#.......#
.............#.......#
..(.()...)...#.......#
############'#.......#
#....#.......#
#....#.......#
#....#.......+
+....'.......#
#....#.......#


You could see Gastronok.

Vanquished Creatures
  A two-headed ogre (D:8)
  A hippogriff (D:9)
  A wyvern (D:8)
  Grum (D:8)
  The ghost of enarc13 the Conjurer, an amateur BaWz (D:3)
  An orc warrior (D:8)
  An ice beast (D:8)
  A sky beast (D:7)
  4 wolves (D:8)
  2 centaurs
  3 ogres
  A big kobold (D:7)
  4 bullfrogs
  3 scorpions
  6 killer bees (D:9)
  6 wights
  3 howler monkeys (D:7)
  3 electric eels (D:7)
  3 crimson imps
  A hound (D:7)
  A jelly (D:7)
  2 orc priests
  3 bullfrog skeletons
  Crazy Yiuf (D:6)
  Jessica (D:3)
  Terence (D:3)
  3 orc wizards
  An iguana (D:5)
  4 worker ants
  A hound skeleton (D:6)
  4 worker ant zombies
  6 gnolls
  5 adders
  2 shadow imps
  4 oozes
  An adder zombie (D:5)
  4 worms
  A dart slug (D:1)
  A leopard gecko (D:3)
  23 orcs
  A ball python (D:4)
  2 giant cockroaches
  8 hobgoblins
  3 jackals (D:4)
  3 quokkas
  8 bats
  2 frilled lizards (D:2)
  4 goblins
  8 kobolds
  A leopard gecko skeleton (D:4)
  A leopard gecko zombie (D:5)
  2 quokka skeletons
  4 rats
163 creatures vanquished.

Notes
Turn   | Place    | Note
-------+----------+-------------------------------------------
     0 | D:1      | b5mith the Minotaur Berserker began the quest for the Orb.
     0 | D:1      | Reached XP level 1. HP: 19/19 MP: 0/0
   406 | D:1      | Reached XP level 2. HP: 24/27 MP: 1/1
   908 | D:2      | Reached XP level 3. HP: 33/33 MP: 2/2
  1368 | D:2      | Reached XP level 4. HP: 38/41 MP: 3/3
  1797 | D:3      | Reached ** piety under Trog
  2317 | D:3      | Noticed Terence
  2340 | D:3      | Killed Terence
  2340 | D:3      | Reached XP level 5. HP: 31/47 MP: 4/4
  2363 | D:3      | Noticed Jessica
  2369 | D:3      | Killed Jessica
  2646 | D:3      | Reached skill level 5 in Fighting
  2649 | D:3      | Reached skill level 5 in Long Blades
  2649 | D:3      | Reached XP level 6. HP: 56/56 MP: 5/5
  3083 | D:3      | Noticed enarc13's ghost (amateur BaWz)
  3379 | D:3      | Killed enarc13's ghost
  3595 | D:4      | Found the +7 longbow "Piercer" {penet, EV-2}
  4015 | D:4      | Found Ykuzoik's Gadget Boutique.
  4076 | D:4      | Reached *** piety under Trog
  4177 | D:4      | Found a bloodstained altar of Trog.
  4212 | D:5      | Entered Level 5 of the Dungeon
  4249 | D:5      | Reached skill level 5 in Armour
  4249 | D:5      | Reached XP level 7. HP: 54/62 MP: 6/6
  4693 | D:6      | Reached skill level 5 in Dodging
  4695 | D:6      | Found a snail-covered altar of Cheibriados.
  4707 | D:6      | Found a blossoming altar of Fedhas.
  4707 | D:6      | Found a deep blue altar of Sif Muna.
  4836 | D:6      | Reached XP level 8. HP: 60/71 MP: 7/7
  4933 | D:6      | Found a runed door.
  5016 | D:6      | Found a glowing silver altar of Zin.
  5089 | D:6      | Found a staircase to the Ecumenical Temple.
  5186 | D:6      | Noticed Crazy Yiuf
  5192 | D:6      | Killed Crazy Yiuf
  5473 | D:7      | Reached **** piety under Trog
  5715 | D:7      | Found a glowing silver altar of Zin.
  7258 | D:7      | Found a radiant altar of Vehumet.
  7375 | D:8      | Found a staircase to the Lair.
  7389 | D:8      | Reached XP level 9. HP: 81/81 MP: 8/8
  7624 | D:8      | Noticed a two-headed ogre
  7628 | D:8      | Killed a two-headed ogre
  8212 | D:9      | Noticed Grum
  8345 | D:8      | Killed Grum
  8789 | D:9      | Reached XP level 10. HP: 91/91 MP: 9/9
  8996 | D:9      | Noticed Gastronok
  9014 | D:9      | Slain by Gastronok

Vault maps used:
D:1:      roderic_octagonal_star, minmay_misc_feat_more_columns,
          serial_bayou_lagoon_a, minmay_misc_feat_room
D:3:      minmay_box_of_dots, uniq_jessica, uniq_terence
D:4:      kennysheep_little_box, serial_shops, shop
D:5:      first_ration, kennysheep_big_empty_room
D:6:      grunt_temple_overflow_open, zin_statuary,
          minmay_temple_entry_glassed_door, zaba_anthole, serial_bayou_pond_d,
          uniq_crazy_yiuf_cottage
D:7:      statuecave_lemuel, lemuel_round_altar, basic_altar
D:8:      lair_entry_dummy
D:9:      basic_altar, blue_anna_alchemist, uniq_gastronok, uniq_grum

Skill      XL: |  1  2  3  4  5  6  7  8  9 |
---------------+----------------------------+-----
Fighting       | 4 5 6 7 9 |  9.5
Long Blades    | 4 5 6 7 9 |  9.5
Armour         | 3 4 5 6 7 9 |  9.1
Dodging        | 3 4 5 6 8 |  8.4

Action                   |  1- 3 |  4- 6 |  7- 9 | 10-12 || total
-------------------------+-------+-------+-------+-------++-------
Melee: Falchion          |    52 |   157 |   181 |    13 ||   403
       Headbutt          |    11 |    38 |    44 |     5 ||    98
 Fire: Longbow           |       |       |    96 |    21 ||   117
Invok: Berserk           |     1 |     4 |     3 |       ||     8
  Use: Scroll            |       |     6 |     2 |       ||     8
  Eat: Chunk             |     2 |    10 |     9 |     2 ||    23
       Ration            |       |     1 |     2 |       ||     3
Armor: Animal skin       |     9 |    13 |       |       ||    22
       Scale mail        |       |    42 |    51 |       ||    93
       Ring mail         |       |       |    22 |       ||    22
Dodge: Dodged            |    40 |    57 |   105 |    24 ||   226
Block: Shield            |       |    35 |     5 |       ||    40
       Rpst.: Falchion   |     7 |    17 |    25 |     4 ||    53

Table legend:
 A = Spawn XP
 B = Non-spawn XP
 C = Spawn XP percentage of total XP
 D = Spawn monster count
 E = Non-spawn monster count
 F = Spawn count percentage of total count
 G = Total turns spent on level
                    A         B        C        D         E        F      G
               +---------+---------+-------+---------+---------+-------+---------
         Total |       0 |    6120 |   0.0 |       0 |     163 |   0.0 |  9014
               +---------+---------+-------+---------+---------+-------+---------
           D:1 |       0 |      17 |   0.0 |       0 |       9 |   0.0 |   807
           D:2 |       0 |      97 |   0.0 |       0 |      17 |   0.0 |  1089
           D:3 |       0 |     454 |   0.0 |       0 |      36 |   0.0 |  1648
           D:4 |       0 |      52 |   0.0 |       0 |       8 |   0.0 |   668
           D:5 |       0 |     388 |   0.0 |       0 |      17 |   0.0 |   463
           D:6 |       0 |     583 |   0.0 |       0 |      10 |   0.0 |   664
           D:7 |       0 |    1140 |   0.0 |       0 |      27 |   0.0 |  2025
           D:8 |       0 |    2530 |   0.0 |       0 |      27 |   0.0 |  1332
           D:9 |       0 |     859 |   0.0 |       0 |      12 |   0.0 |   318
               +---------+---------+-------+---------+---------+-------+---------
